 Dungeon Crawl Stone Soup version 0.29-a0-561-ga02bf68b3c (webtiles) character file.

Game seed: 2092014386480394310

240 HeadfulHorsecorpse the Digger (level 6, 0/45 HPs)
             Began as a Meteoran Earth Elementalist on June 11, 2022.
             Slain by an orc warrior
             ... wielding a +0 war axe
              (23 damage)
             ... on level 4 of the Dungeon.
             The game lasted 00:23:34 (1677 turns).

HeadfulHorsecorpse the Digger (MeEE)                Turns: 1677, Time: 00:23:35

Health: 0/45       AC:  5    Str: 12    XL:     6   Next: 56%
Magic:  11/11      EV: 16    Int: 17    God:
Gold:   192        SH:  0    Dex: 14    Spells: 1/11 levels left

rFire   . . .      SeeInvis .   h - +0 mace
rCold   . . .      Faith    .   (no shield)
rNeg    . . .      Spirit   .   p - +0 leather armour
rPois   .          Reflect  .   l - +1 helmet
rElec   .          Harm     .   (no cloak)
rCorr   .          Rampage  .   (no gloves)
Will    .....                   (no boots)
Stlth   +.........              (no amulet)
HPRegen 0.15/turn               q - +4 ring of evasion
MPRegen 0.12/turn               (no ring)

@: glowing
A: sense surroundings 1, otherworldly, glowing, explore regen
a: no special abilities


You were on level 4 of the Dungeon.
You visited 1 branch of the dungeon, and saw 4 of its levels.

You collected 192 gold pieces.

Inventory:

Hand Weapons
 h - a +0 mace (weapon)
 r - a +0 quarterstaff
 t - a +0 whip
 v - a +0 flail
Missiles
 a - 40 stones
Armour
 b - a +0 robe
 l - a +1 helmet (worn)
 p - a +0 leather armour (worn)
 s - a +0 ring mail
Jewellery
 q - a +4 ring of evasion (left hand)
Scrolls
 d - 2 scrolls of noise {unknown}
 j - a scroll of immolation {unknown}
 k - a scroll of identify {unknown}
 n - a scroll of vulnerability {unknown}
 o - a scroll of amnesia {unknown}
 u - a scroll of blinking {unknown}
Potions
 c - a potion of magic
 e - 2 potions of might {unknown}
 f - a potion of invisibility {unknown}
 g - 2 potions of mutation {unknown}
 i - 2 potions of heal wounds
 m - 2 potions of curing {unknown}


   Skills:
 + Level 3.1 Maces & Flails
 + Level 1.8 Armour
 + Level 3.5 Dodging
 - Level 1.4 Stealth
 - Level 3.1 Spellcasting
 + Level 2.2 Conjurations
 + Level 2.7 Transmutations
 - Level 5.0 Earth Magic


You had one spell level left.
You knew the following spells:

 Your Spells              Type           Power      Damage    Failure   Level
a - Sandblast             Erth           38%        2d10      2%          1
b - Stone Arrow           Conj/Erth      28%        3d8       16%         3
c - Petrify               Tmut/Erth      15%        N/A       41%         4
d - Passwall              Tmut/Erth      12%        N/A       7%          2

Your spell library contained the following spells:

 Spells                   Type           Power      Damage    Failure   Level
 Tukima's Dance           Hex            2%         N/A       54%         3
 Passage of Golubria      Tloc           2%         N/A       91%         4
 Yara's Violent Unravell  Hex/Tmut       3%         3d4       98%         5


Dungeon Overview and Level Annotations

Branches:
Dungeon (4/15)
 Temple: D:4-7

Altars:


Innate Abilities, Weirdness & Mutations

You passively map a small area around you.
You are easily found by Zot.
You glow in the dark.
You regain HP and MP as you explore.


Message History

The orc wizard gestures at you while chanting.
You easily resist.
You barely miss the orc wizard.
The orc wizard is severely wounded.
The orc wizard hits you with a +0 dagger.
You sock the orc wizard!
You kill the orc wizard!
Items here: ))) [[ †.
Okay, then.
Things that are here:
a +0 flail; an orc corpse
v - a +0 flail An orc comes into view. It is wielding a +0 whip.
The orc shouts!
The orc misses you. The orc attacks as you move away!
The orc hits you but does no damage.
The orc warrior attacks as you move away!
The orc warrior closely misses you.
An orc comes into view.
It is wielding a +0 short sword of draining.
You see here an orc corpse.
You barely miss the orc warrior.
The orc warrior hits you with a +0 war axe.
The orc warrior attacks as you move away!
The orc warrior hits you with a +0 war axe!
Items here: ))) [[ †.
The orc warrior attacks as you move away!
The orc warrior hits you with a +0 war axe!
* * * LOW HITPOINT WARNING * * *
You sock the orc warrior!
The orc warrior is moderately wounded.
The orc warrior closely misses you.
You hit the orc warrior but do no damage.
The orc warrior is moderately wounded.
The orc warrior barely misses you.
It was a potion of heal wounds.
You feel much better.
The orc warrior hits you with a +0 war axe!
The orc warrior attacks as you move away!
The orc warrior hits you with a +0 war axe!!
Ouch! That really hurt!
You die... , # * #.# #.# #.* #.# #.# ,###.#####.# ####.## , #.........####.....# *, #...#.#..............# , # .. #o########.†...# * ... #.# #.....# *,* oo#

, #†#########+#.## *
o, , #oo@......#.#.#
* , *
#.o######.#...####
,#..##...............
*
#..##.###.##########
#..##.# #... , ,, *
.$.##># #.##########
* * ##.###.#
##.........# #. #.#
#......)..# *#.#
#.........#


You could see an orc warrior and 2 orcs.

Vanquished Creatures
  A howler monkey (D:4)
  An orc priest (D:4)
  3 orc wizards
  4 adders
  A worm (D:2)
  A dart slug (D:1)
  6 orcs
  4 ball pythons
  3 bats
  7 endoplasms
  A giant cockroach (D:2)
  A goblin (D:1)
  6 hobgoblins
  5 kobolds
  3 quokkas (D:1)
  3 frilled lizards
  5 rats
55 creatures vanquished.

Notes
Turn   | Place    | Note
-------+----------+-------------------------------------------
     0 | D:1      | HeadfulHorsecorpse the Meteoran Earth Elementalist began
                  | the quest for the Orb.
     0 | D:1      | Reached XP level 1. HP: 14/14 MP: 5/5
    65 | D:1      | Reached skill level 4 in Earth Magic
   123 | D:1      | Reached XP level 2. HP: 20/20 MP: 4/6
   128 | D:1      | Found a faded altar of an unknown god.
   501 | D:1      | Glimpsed the power of Zot.
   532 | D:1      | Reached XP level 3. HP: 18/26 MP: 8/8
   537 | D:1      | Learned a level 3 spell: Stone Arrow
   547 | D:1      | Glimpsed the power of Zot.
   584 | D:1      | Glimpsed the power of Zot.
   593 | D:1      | Glimpsed the power of Zot.
   594 | D:1      | Touched by the power of Zot.
   625 | D:2      | Reached skill level 1 in Maces & Flails
   660 | D:2      | You fall into a shaft and drop 1 floor!
   687 | D:3      | Reached XP level 4. HP: 24/26 MP: 7/9
   692 | D:3      | Learned a level 4 spell: Petrify
   931 | D:2      | Reached XP level 5. HP: 26/36 MP: 7/10
   947 | D:2      | Reached skill level 1 in Conjurations
   964 | D:2      | Reached skill level 5 in Earth Magic
  1451 | D:3      | Learned a level 2 spell: Passwall
  1602 | D:4      | Reached skill level 1 in Armour
  1602 | D:4      | Reached XP level 6. HP: 45/45 MP: 8/11
  1614 | D:4      | Noticed an orc warrior
  1677 | D:4      | Slain by an orc warrior

Illustrated notes

Levels and vault maps discovered:
D:1:      minmay_arrival_semitransparent, layout_basic,
          hellmonk_ecumenical_altar_crossroads, hex_intersection
D:2:      layout_rooms, grunt_ministairs_8
D:3:      layout_loops_corners, dreamdust_wishing_well
D:4:      layout_basic, kennysheep_mini_moat, glass_columns_a, uniq_duvessa,
          uniq_pikel

Skill      XL: |  1  2  3  4  5  6 |
---------------+-------------------+-----
Earth Magic    | 4 5 |  5.0
Maces & Flails | 1 2 3 |  3.1
Spellcasting   | 3 |  3.1
Conjurations   | 1 2 |  2.2
Dodging        | 3 |  3.5
Transmutations | 2 |  2.7
Armour         | 1 |  1.8
Stealth        | |  1.4

Action                   |  1- 3 |  4- 6 || total
-------------------------+-------+-------++-------
Melee: Club              |    41 |    76 ||   117
       Punch             |       |     3 ||     3
       Whip              |       |     7 ||     7
       Mace              |       |    16 ||    16
 Cast: Sandblast         |    16 |    30 ||    46
       Passwall          |       |     1 ||     1
  Use: Potion            |       |     1 ||     1
Armor: Robe              |     7 |    15 ||    22
       Leather armour    |       |     5 ||     5
Dodge: Dodged            |    32 |    54 ||    86

Table legend: (Time is in decaauts)
 A = Elapsed time spent in this place.
 B = Non-inter-level travel time spent in this place.
 C = Inter-level travel time spent in this place.
 D = Time resting spent in this place.
 E = Time spent auto-exploring this place.
 F = Levels seen in this place.
 G = Mean time per level.
                   A        B        C        D        E       F      G
               +--------+--------+--------+--------+--------+-----+--------+
         Total |   1707 |   1612 |     95 |     43 |    696 |   4 |  426.8 |
       Dungeon |   1707 |   1612 |     95 |     43 |    696 |   4 |  426.8 |
               +--------+--------+--------+--------+--------+-----+--------+

Top non-repeatable levels by time:
     D:1: 626 daAuts
     D:3: 607 daAuts
     D:2: 299 daAuts
     D:4: 174 daAuts
